AoeStats
← Pipeiro

Arabian Desert

510224349Analyzed
1v1 RM · 14h ago on Sep 30, 2026· 47m 12s· 2 players
Game mode
Random Map
Map size
Tiny (2 player)
Population
200
Speed
Normal
Resources
Standard
Victory
Conquest
Starting age
Dark Age
Ending age
Imperial Age
RankedLock teamsTeams togetherTeam positionsShared explorationLock speedFull tech treeHidden civsTurbo modeCheats
Victory
Defeat
🇦🇷 Burgundians · Argentina
580
+12
🇺🇸 Persians · United States
483
-12
Angrychicken600
14:06 Feudal Age
14:34 Loom
19:01 Man-at-Arms
19:34 Double-Bit Axe
24:22 Castle Age
27:01 Husbandry
28:20 Pikeman
29:26 Horse Collar
34:15 Bow Saw
35:37 Forging
37:53 Kamandaran
39:42 Iron Casting
38:58 Fletching
Pipeiro
9:52 Feudal Age
10:22 Double-Bit Axe
15:40 Forging
21:51 Castle Age
20:17 Horse Collar
22:25 Scale Barding Armor
22:22 Light Cavalry
28:25 Iron Casting
30:49 Ballistics
32:11 Bow Saw
32:05 Heavy Plow
32:01 Stone Mining
32:14 Arson
32:30 Squires
32:43 Gold Mining
32:38 Treadmill Crane
35:40 Two-Man Saw
39:55 Imperial Age
39:24 Burgundian Vineyards
40:53 Wheelbarrow
43:08 Conscription
47:19 Chemistry
Connection lost

Rejoining the realm…

Still unreachable

The connection could not be restored.

Session expired

The server has moved on; the page needs a fresh start.